 Dungeon Sprint DCSS version 0.27.1-3-gb3d3a73c9e (webtiles) character file.

Game seed: 4145415006154221763

4337 raph the Fencer (level 10, -1/100 HPs)
             Began as a Minotaur Berserker on Oct 17, 2021.
             Was a High Priest of Trog.
             Slain by a 12-headed hydra (8 damage)
             ... in the Dungeon (Sprint I: "Red Sonja").
             The game lasted 00:03:51 (1768 turns).

raph the Fencer (Minotaur Berserker)                Turns: 1768, Time: 00:03:51

Health: -1/100     AC:  9    Str: 23    XL:     10   Next: 12%
Magic:  3/3        EV: 14    Int:  4    God:    Trog [*****.]
Gold:   555        SH:  0    Dex: 12    Spells: 9/9 levels left

rFire    . . .     SeeInvis .   l - +3 triple sword (antimagic)
rCold    . . .     Faith    .   (shield currently unavailable)
rNeg     . . .     Spirit   .   i - +0 scale mail
rPois    .         Reflect  .   (helmet restricted)
rElec    .         Harm     .   (no cloak)
rCorr    .         Rampage  .   (no gloves)
Will     .....     NoTele   +   (no boots)
Stlth    ..........             (no amulet)
HPRegen  0.26/turn              (no ring)
MPRegen  0.08/turn              (no ring)

@: no status effects
A: horns 2, retaliatory headbutt
a: Renounce Religion, Berserk, Trog's Hand, Brothers in Arms


You were in the Dungeon.
You worshipped Trog.
Trog was extremely pleased with you.
You visited 1 branch You collected 555 gold pieces.

Inventory:

Hand Weapons
 a - a +0 falchion
 k - a +2 great sword
 l - a +3 antimagic triple sword (weapon)
Armour
 b - a +0 animal skin
 i - a +0 scale mail (worn)
Scrolls
 h - a scroll of blinking
Potions
 c - 2 potions of curing
 d - a potion of heal wounds
 e - a potion of haste
 f - 2 potions of magic
 g - a potion of berserk rage
 j - a potion of degeneration {unknown}


   Skills:
 + Level 12.8 Fighting
 * Level 17.6 Long Blades
 + Level 12.6 Armour
 + Level 11.6 Dodging


You had 9 spell levels left.
You didn't know any spells.
Your spell library was empty.

Dungeon Overview and Level Annotations

Branches:
Dungeon (1/1)

Altars:
Cheibriados
Dithmenos
Elyvilon
Fedhas
Gozag
Hepliaklqana
Kikubaaqudgha
Makhleb
Nemelex Xobeh
Okawaru
Qazlal
Ru
Sif Muna
Trog
Uskayaw
Vehumet
Wu Jian
Xom
Yredelemnul
Zin
The Shining One
Jiyva
Lugonu

Shops:
D =

Annotations:
D exclusion: door


Innate Abilities, Weirdness & Mutations

You have a pair of horns on your head.
You reflexively headbutt those who attack you in melee.


Message History

a hog corpse; a hog corpse; a hog corpse
There is an open door, spattered with blood here.
Things that are here:
a hog corpse; a hog corpse; a hog corpse You open the door.
There is an open door here.
A daeva comes into view.
It is wielding a +3 scimitar of holy wrath.
Found 108 gold pieces.
The daeva shouts!
There is an open door here.
You close the door.
As you open the door, it creaks loudly!
A hydra and a floating eye come into view.
The 12-headed hydra roars!
The floating eye turns its gaze towards you.
The floating eye seems to glare at you. The 12-headed hydra barely misses you.
You furiously retaliate!
You headbutt the 12-headed hydra! The 12-headed hydra closely misses you.
The 12-headed hydra bites you! x2
The 12-headed hydra bites you but does no damage.
The 12-headed hydra bites you! The 12-headed hydra bites you.
The 12-headed hydra bites you! The 12-headed hydra bites you.
The 12-headed hydra bites you!
The 12-headed hydra bites you but does no damage.
The 12-headed hydra bites you!
Found 54 gold pieces.
You completely miss the 12-headed hydra.
You headbutt the 12-headed hydra, but do no damage.
The 12-headed hydra is lightly wounded.
The 12-headed hydra bites you but does no damage.
The 12-headed hydra misses you. The 12-headed hydra barely misses you.
The 12-headed hydra bites you! x2
* * * LOW HITPOINT WARNING * * *
The 12-headed hydra bites you.
* * * LOW HITPOINT WARNING * * *
The 12-headed hydra bites you but does no damage. x2
The 12-headed hydra bites you!
* * * LOW HITPOINT WARNING * * *
The 12-headed hydra barely misses you. The 12-headed hydra bites you!
You die...

#####################
..#..#§§§†§§.§§§@DG$#
..##'#§####§§..§##§.+
..'..#§# ##§§.## ##
###)§§.# ###+# #+####
#.# #°..○°# #..###$#
#○°..°+ ##.#A#$#
###°°.# .###$# ..^#
##..$#


You could see a 12-headed hydra and a floating eye (charged).

Vanquished Creatures
  A lindwurm (D)
  A gargoyle (D)
  2 kobold demonologists (D)
  A demonic crawler (D)
  A slime creature (D)
  Sigmund (D)
  A yak (D)
  13 hogs (D)
  A floating eye (D)
  An ogre (D)
  A jelly (D)
  Ijyb (D)
25 creatures vanquished.

Vanquished Creatures (collateral kills)
  3 demonic crawlers (D)
3 creatures vanquished.

Grand Total: 28 creatures vanquished

Notes
Turn   | Place    | Note
-------+----------+-------------------------------------------
     0 | D        | raph the Minotaur Berserker began the quest for the Orb.
     0 | D        | Reached XP level 1. HP: 19/19 MP: 0/0
     1 | D        | Noticed Ijyb
     8 | D        | Killed Ijyb
     9 | D        | Reached skill level 7 in Long Blades
     9 | D        | Reached XP level 2. HP: 26/26 MP: 1/1
    52 | D        | Noticed an ogre
    56 | D        | Killed an ogre
    57 | D        | Reached skill level 11 in Long Blades
    57 | D        | Reached XP level 3. HP: 11/31 MP: 2/2
    57 | D        | Reached XP level 4. HP: 14/39 MP: 3/3
   282 | D        | Noticed Sigmund
   288 | D        | Killed Sigmund
   288 | D        | Reached ** piety under Trog
   289 | D        | Reached skill level 14 in Long Blades
   289 | D        | Reached XP level 5. HP: 45/45 MP: 4/4
   433 | D        | Found a shimmering blue altar of Sif Muna.
   434 | D        | Found an ornate altar of the Wu Jian Council.
   435 | D        | Found a radiant altar of Vehumet.
   438 | D        | Reached XP level 6. HP: 51/51 MP: 5/5
   605 | D        | Found Diwkiyra's Jewellery Emporium.
   605 | D        | Found an ancient bone altar of Kikubaaqudgha.
   605 | D        | Found a stormy altar of Qazlal.
   605 | D        | Found a blossoming altar of Fedhas.
   605 | D        | Found a bloodstained altar of Trog.
   605 | D        | Found an iron altar of Okawaru.
   605 | D        | Found a glowing golden altar of the Shining One.
   605 | D        | Found a glowing silver altar of Zin.
   605 | D        | Found a white marble altar of Elyvilon.
   605 | D        | Noticed a yak
   609 | D        | Killed a yak
   610 | D        | Reached skill level 16 in Long Blades
   648 | D        | Found a hazy altar of Hepliaklqana.
   648 | D        | Found a hide-covered altar of Uskayaw.
   648 | D        | Found a basalt altar of Yredelemnul.
   648 | D        | Found an opulent altar of Gozag.
   648 | D        | Found a snail-covered altar of Cheibriados.
   648 | D        | Found a sacrificial altar of Ru.
   648 | D        | Found a shadowy altar of Dithmenos.
   649 | D        | Found a sparkling altar of Nemelex Xobeh.
   834 | D        | Noticed a centaur warrior
   835 | D        | Noticed a centaur warrior
   839 | D        | Found a viscous altar of Jiyva.
   839 | D        | Found a corrupted altar of Lugonu.
   839 | D        | Noticed a slime creature
   845 | D        | Killed a slime creature
   845 | D        | Reached *** piety under Trog
   846 | D        | Reached skill level 17 in Long Blades
   846 | D        | Reached XP level 7. HP: 57/57 MP: 6/6
   867 | D        | Found a burning altar of Makhleb.
   867 | D        | Found a shimmering altar of Xom.
  1011 | D        | Noticed a kobold demonologist
  1012 | D        | Noticed a kobold demonologist
  1019 | D        | Killed a kobold demonologist
  1020 | D        | Reached skill level 5 in Armour
  1023 | D        | Killed a kobold demonologist
  1023 | D        | Reached **** piety under Trog
  1024 | D        | Reached skill level 5 in Dodging
  1024 | D        | Reached XP level 8. HP: 73/73 MP: 7/7
  1073 | D        | Noticed a demonic crawler
  1073 | D        | Noticed a demonic crawler
  1073 | D        | Noticed a demonic crawler
  1073 | D        | Noticed a demonic crawler
  1082 | D        | Killed a demonic crawler
  1085 | D        | Killed a demonic crawler
  1086 | D        | Killed a demonic crawler
  1087 | D        | Killed a demonic crawler
  1381 | D        | Noticed a gargoyle
  1391 | D        | Killed a gargoyle
  1392 | D        | Reached skill level 10 in Fighting
  1392 | D        | Reached XP level 9. HP: 85/85 MP: 8/8
  1410 | D        | Noticed a lindwurm
  1448 | D        | Killed a lindwurm
  1449 | D        | Reached skill level 10 in Armour
  1572 | D        | Reached ***** piety under Trog
  1573 | D        | Reached skill level 10 in Dodging
  1583 | D        | Received a gift from Trog
  1610 | D        | Reached XP level 10. HP: 73/99 MP: 9/9
  1613 | D        | Received a gift from Trog
  1761 | D        | Noticed a daeva
  1767 | D        | Noticed a 12-headed hydra
  1768 | D        | Slain by a 12-headed hydra

Illustrated notes

Levels and vault maps discovered:
D:        dungeon_sprint_1 [red_sonja_temple_1, red_sonja_temple_small_1]

Skill      XL: |  1  2  3  4  5  6  7  8  9 |
---------------+----------------------------+-----
Long Blades    | 7 11 14 17 | 17.6
Fighting       | 7 10 12 | 12.8
Armour         | 6 9 12 | 12.6
Dodging        | 5 8 11 | 11.6

Action                   |  1- 3 |  4- 6 |  7- 9 | 10-12 || total
-------------------------+-------+-------+-------+-------++-------
Melee: Falchion          |     9 |    13 |    65 |       ||    87
       Headbutt          |     1 |     4 |    19 |     4 ||    28
       Great sword       |       |       |       |     6 ||     6
       Triple sword      |       |       |       |     1 ||     1
Invok: Berserk           |     2 |     4 |     5 |       ||    11
       Trog's Hand       |       |       |     1 |       ||     1
       Brothers in Arms  |       |       |     1 |       ||     1
  Use: Scroll            |       |     1 |       |       ||     1
Armor: Scale mail        |       |     2 |    12 |     6 ||    20
Dodge: Dodged            |     2 |     3 |    27 |    13 ||    45
       Rpst.: Falchion   |       |       |     9 |       ||     9
       Great sword       |       |       |       |     3 ||     3
